 Dungeon Crawl Stone Soup version 0.28-a0-1404-g4df0f3684d (webtiles) character file.

Game seed: 7746600512278633952

352 HallandMoats the Skirmisher (level 6, -2/52 HPs)
             Began as a Ghoul Fighter on Jan 6, 2022.
             Slain by an adder (4 damage)
             ... on level 6 of the Dungeon.
             The game lasted 00:02:16 (2493 turns).

HallandMoats the Skirmisher (Ghoul Fighter)         Turns: 2493, Time: 00:02:16

Health: -2/52      AC: -5    Str: 20    XL:     6   Next: 61%
Magic:  6/6        EV:  9    Int:  3    God:
Gold:   98         SH:  4    Dex: 10    Spells: 5/5 levels left

rFire   . . .      SeeInvis .   a - +0 war axe
rCold   + . .      Faith    .   c - +0 buckler
rNeg    + + +      Spirit   .   b - +0 scale mail
rPois   ∞          Reflect  .   (no helmet)
rElec   .          Harm     .   (no cloak)
rCorr   .          Rampage  .   (no gloves)
Will    .....                   (no boots)
Stlth   ..........              h - amulet of regeneration
HPRegen 0.00/turn               (no ring)
MPRegen 0.10/turn               (no ring)

@: corroded, inhibited regen
A: claws 1, cold resistance 1, negative energy resistance 3, inhibited
regeneration, torment resistance 2
a: no special abilities


You were on level 6 of the Dungeon.
You visited 1 branch of the dungeon, and saw 6 of its levels.

You collected 98 gold pieces.

Inventory:

Hand Weapons
 a - a +0 war axe (weapon)
Armour
 b - a +0 scale mail (worn)
 c - a +0 buckler (worn)
Jewellery
 h - an amulet of regeneration (around neck)
 q - an amulet of magic regeneration
Scrolls
 g - 2 scrolls of identify {unknown}
 j - a scroll of immolation {unknown}
 k - a scroll of fog {unknown}
 m - a scroll of vulnerability {unknown}
 n - 2 scrolls of teleportation {unknown}
 p - 2 scrolls of enchant weapon {unknown}
Potions
 d - a potion of might
 e - a potion of flight {unknown}
 f - a potion of magic {unknown}
 i - a potion of cancellation {unknown}
 l - a potion of lignification {unknown}
 o - a potion of attraction {unknown}


   Skills:
 + Level 4.2 Fighting
 * Level 3.7 Axes
 + Level 3.4 Armour
 + Level 1.8 Dodging
 + Level 3.4 Shields
 + Level 2.3 Invocations


You had 5 spell levels left.
You didn't know any spells.
Your spell library contained the following spells:

 Spells                   Type           Power      Damage    Failure   Level
 Ignite Poison            Fire/Tmut/Pois 0%         N/A       100%        3
 Mephitic Cloud           Conj/Pois/Air  0%         N/A       100%        3
 Freezing Cloud           Conj/Ice/Air   0%         6-21      100%        5


Dungeon Overview and Level Annotations

Branches:
Dungeon (6/15)
 Temple: D:4-7

Altars:
Hepliaklqana

Annotations:
D:4 2 runed translucent doors, avis's ghost, amateur DrTm


Innate Abilities, Weirdness & Mutations

You thrive by killing the living.
You are immune to poison.
You have sharp fingernails.
Your flesh is cold resistant. (rC+)
You are immune to negative energy. (rN+++)
You do not regenerate when monsters are visible.
You are immune to unholy pain and torment.


Message History

A jelly is nearby!
You hit the jelly but do no damage. The acid corrodes you!
Your claws burn!
The jelly hits you. The acid corrodes you!
You are splashed with acid.
The jelly hits you.
You are splashed with acid!
A jelly is nearby!
You are too injured to fight recklessly!
A jelly is nearby!
You are too injured to fight recklessly!
A jelly is nearby!
There is an escape hatch in the floor here.
You slide downwards.
The hatch slams shut behind you.
Found three items.
An ice beast is nearby!
Found a scale mail.
Found a stone staircase leading down.
Found 11 gold pieces.
Found a stone staircase leading down.
There is a stone staircase leading down here.
You climb downwards.
Found 7 gold pieces.
Found a stone staircase leading down.
There is a stone staircase leading up here.
The adder bites you.
You hit the adder.
The adder is moderately wounded.
The adder closely misses you. The adder bites you.
You closely miss the adder.
The adder is moderately wounded.
The adder bites you.
* * * LOW HITPOINT WARNING * * *
The adder barely misses you.
You closely miss the adder.
The adder is moderately wounded.
The adder bites you.
* * * LOW HITPOINT WARNING * * *
The adder bites you.
* * * LOW HITPOINT WARNING * * *
You closely miss the adder.
The adder is lightly wounded.
The adder bites you.
* * * LOW HITPOINT WARNING * * *
The adder bites you.
You die...

..####. .......
....... ....#..
....>.. .##
.......
$....###.......
#...@S......
....^..........
########.......
....... ###....
.... ###


You could see an adder.

Vanquished Creatures
  Sigmund (D:3)
  A black bear (D:3)
  4 adders
  A worm (D:2)
  2 dart slugs
  2 orcs (D:3)
  5 endoplasms
  3 giant cockroaches
  3 goblins
  5 hobgoblins
  6 jackals
  4 quokkas
  7 ball pythons
  5 bats
  4 frilled lizards
  5 kobolds
  2 rats
60 creatures vanquished.

Notes
Turn   | Place    | Note
-------+----------+-------------------------------------------
     0 | D:1      | HallandMoats the Ghoul Fighter began the quest for the Orb.
     0 | D:1      | Reached XP level 1. HP: 19/19 MP: 0/0
   273 | D:1      | Reached XP level 2. HP: 26/26 MP: 1/1
   990 | D:1      | Reached XP level 3. HP: 31/31 MP: 2/2
  1105 | D:2      | Reached skill level 1 in Invocations
  1632 | D:3      | Reached XP level 4. HP: 38/38 MP: 3/3
  1634 | D:3      | Found a hazy altar of Hepliaklqana.
  1784 | D:3      | Reached skill level 1 in Dodging
  1894 | D:3      | Noticed a black bear
  1903 | D:3      | Killed a black bear
  1904 | D:3      | Reached XP level 5. HP: 33/46 MP: 3/5
  2321 | D:3      | Noticed Sigmund
  2327 | D:3      | Killed Sigmund
  2328 | D:3      | Reached skill level 4 in Fighting
  2328 | D:3      | Reached XP level 6. HP: 43/52 MP: 6/6
  2447 | D:4      | Found a large runed translucent door.
  2447 | D:4      | Found a large runed translucent door.
  2450 | D:4      | Noticed avis's ghost (amateur DrTm)
  2475 | D:5      | Entered Level 5 of the Dungeon
  2475 | D:5      | Noticed an ice beast
  2493 | D:6      | HP: 2/52 [adder (3)]
  2493 | D:6      | Slain by an adder

Illustrated notes

Levels and vault maps discovered:
D:1:      dpeg_arrival_rooms_b, layout_loops_cross
D:2:      layout_basic
D:3:      layout_basic, mainiacjoe_overflow_chevrons, due_unseen_surprise,
          uniq_sigmund
D:4:      layout_loops_ring, minmay_temple_entry_nine_rooms,
          ebering_ghost_disaster_area, hangedman_feature_mirror,
          minmay_misc_feat_alley
D:5:      layout_gridville, uniq_edmund, uniq_eustachio
D:6:      corexii_shack_village, layout_rooms, uniq_menkaure

Skill      XL: |  1  2  3  4  5 |
---------------+----------------+-----
Axes           | 2 3 |  3.7
Invocations    | 1 2 |  2.3
Armour         | 3 |  3.4
Dodging        | 1 |  1.8
Shields        | 3 |  3.4
Fighting       | 4 |  4.2

Action                   |  1- 3 |  4- 6 || total
-------------------------+-------+-------++-------
Melee: War axe           |   110 |    79 ||   189
Armor: Scale mail        |    46 |    41 ||    87
Dodge: Dodged            |    53 |    54 ||   107
Block: Buckler           |    21 |    17 ||    38

Table legend: (Time is in decaauts)
 A = Elapsed time spent in this place.
 B = Non-inter-level travel time spent in this place.
 C = Inter-level travel time spent in this place.
 D = Time resting spent in this place.
 E = Time spent auto-exploring this place.
 F = Levels seen in this place.
 G = Mean time per level.
                   A        B        C        D        E       F      G
               +--------+--------+--------+--------+--------+-----+--------+
         Total |   2569 |   2548 |     21 |      0 |   2065 |   6 |  428.2 |
       Dungeon |   2569 |   2548 |     21 |      0 |   2065 |   6 |  428.2 |
               +--------+--------+--------+--------+--------+-----+--------+

Top non-repeatable levels by time:
     D:1: 1115 daAuts
     D:3: 836 daAuts
     D:2: 532 daAuts
     D:4: 66 daAuts
     D:6: 10 daAuts
     D:5: 7 daAuts
